 Dungeon Crawl Stone Soup version 0.16.2-2-g470672f (webtiles) character file.

175 monobi the Ducker (level 5, -2/38 HPs)
             Began as a Demonspawn Wanderer on Sept 4, 2015.
             Killed by divine providence
             ... invoked by an orc priest
              (11 damage)
             ... on level 2 of the Dungeon.
             The game lasted 00:13:27 (1763 turns).

monobi the Ducker (Demonspawn Wanderer)             Turns: 1763, Time: 00:13:27

Health: -2/38      AC:  7    Str: 12    XL:     5   Next: 29%
Magic:  5/5        EV: 14    Int: 15    God:
Gold:   102        SH:  0    Dex: 14    Spells: 1 memorised, 3 levels left

rFire  . . .     SeeInvis .     v - +5 dagger
rCold  . . .     Clarity  .     r - +2 animal skin
rNeg   . . .     SustAb   .     (no shield)
rPois  .         Gourm    .     (helmet restricted)
rElec  .         Spirit   .     h - +2 cloak
rCorr  .         Warding  .     (no gloves)
rMut   .         Stasis   .     (no boots)
MR     +....                    (no amulet)
Stlth  ++........               (no ring)
                                (no ring)

@: very slightly contaminated, somewhat resistant to hostile enchantments,
unstealthy
A: horns 1, breathe flames 1, clever 1, magic resistance 1, powered by death 2,
wild magic 1
a: Breathe Fire


You were on level 2 of the Dungeon.
You were not hungry.

You visited 1 branch of the dungeon, and saw 3 of its levels.

You collected 102 gold pieces.

Inventory:

Hand weapons
 a - a +2 quarterstaff
 b - a +0 club
 c - a +0 mace
 d - a +2 hunting sling of flaming
 k - a +0 club
 v - a +5 dagger (weapon)
Armour
 h - a +2 cloak (worn)
 p - a +0 helmet
 r - a +2 animal skin (worn)
Magical devices
 m - a wand of polymorph (13)
Scrolls
 g - a scroll of amnesia
 o - 2 scrolls of magic mapping
Potions
 j - 2 potions of heal wounds {unknown}
Books
 n - a book of Changes

   Spells                             Type                      Level
   a - Beastly Appendage              Transmutation                1
   b - Sticks to Snakes               Transmutation                2
   c - Spider Form                    Transmutation/Poison         3
   d - Ice Form                       Ice/Transmutation            4
   e - Blade Hands                    Transmutation                5
Comestibles
 f - 4 bread rations
 q - 6 chunks of flesh
 t - 2 meat rations


   Skills:
 + Level 1.9 Fighting
 * Level 1.0 Short Blades
 - Level 2.1(2.4) Maces & Flails
 - Level 1.3(2.0) Staves
 - Level 2.1 Armour
 + Level 3.9 Dodging
 * Level 1.2 Stealth
 + Level 0.1 Spellcasting
 + Level 1.0 Evocations


You had 3 spell levels left.
You knew the following spells:

 Your Spells              Type           Power        Failure   Level  Hunger
a - Beastly Appendage     Trmt           #.....       43%         1    ##.....


Dungeon Overview and Level Annotations

Branches:
Dungeon (3/15)

Altars:
Xom


Innate Abilities, Weirdness & Mutations

You have a pair of small horns on your head.
You can steal the life force of defeated enemies.
You can breathe flames.
Your mind is acute. (Int +2)
You are resistant to hostile enchantments.
Your spells are a little harder to cast, but a little more powerful.


Message History

The giant cockroach barely misses you. The giant cockroach misses you.
The giant cockroach misses you.
The orc priest calls down the wrath of Beogh upon something.
The giant cockroach convulses in agony!
The giant cockroach dies!
The orc priest calls down the wrath of Beogh upon something.
Items here: )) [[ a club; a +0 robe; a +0 ring mail; a club
Items here: ( )))))
You flicker for a moment.
You flicker back into view.
You start resting.
Use which ability? (? or * to list)
Press: ? - help, Shift-Dir - straight line, f - orc priest
Aim: an orc priest, wielding a falchion and wearing a leather armour (moderately wounded)
You fail to use your ability.
The orc priest invokes the aid of Beogh against you.
Something smites you!
You die...

####### ......##### ..........##
...........# ###### ...(.......##
#...o# ............# #@##.#
####### ..........#.## #.##<##
#.....# ..........#..# #.....#
#.###.# ..........##.#
####..###.###.#
..#####...##.#######...#.#...####
.....................o..>#.#.....
..#####...##..#####......#.##..##
..# #...###.## #......#.#...# ..#
#...# #..####...........###


You could see an orc priest.

Vanquished Creatures
  An ogre (D:2)
  Robin (D:2)
  A worm (D:2)
  A giant gecko (D:2)
  2 orcs
  2 ball pythons (D:2)
  6 giant cockroaches
  12 hobgoblins
  2 jackals (D:1)
  5 kobolds (D:1)
  A quokka (D:2)
  5 bats
  4 giant newts
  14 goblins
  9 rats
66 creatures vanquished.

Vanquished Creatures (others)
  A giant cockroach (D:2)
1 creature vanquished.

Grand Total: 67 creatures vanquished

Notes
Turn   | Place    | Note
--------------------------------------------------------------
     0 | D:1      | monobi, the Demonspawn Wanderer, began the quest for the Orb.
     0 | D:1      | monobi set off with: a +2 quarterstaff, a potion of lignification, a +0 mace, a +0 robe, a bread ration
     0 | D:1      | Reached XP level 1. HP: 15/15 MP: 1/1
   152 | D:1      | Reached skill level 2 in Armour
   168 | D:1      | Gained mutation: You can steal the life force of nearby defeated enemies. [demonic ancestry]
   168 | D:1      | Reached XP level 2. HP: 7/21 MP: 2/2
   171 | D:1      | HP: 1/21 [hobgoblin (1)]
   172 | D:1      | Gained mutation: Your mind is acute. (Int +2) [potion of mutation]
   172 | D:1      | Gained mutation: You can breathe flames. [potion of mutation]
   172 | D:1      | Gained mutation: Your spells are a little harder to cast, but a little more powerful. [potion of mutation]
   434 | D:1      | Gained mutation: You can steal the life force of defeated enemies. [demonic ancestry]
   434 | D:1      | Reached XP level 3. HP: 26/26 MP: 3/3
   862 | D:2      | Noticed Robin
   870 | D:3      | Found a shimmering altar of Xom.
   917 | D:3      | Learned a level 1 spell: Beastly Appendage
   926 | D:3      | Noticed an orc warrior
  1083 | D:2      | Killed Robin
  1103 | D:2      | Reached skill level 3 in Dodging
  1110 | D:2      | Reached XP level 4. HP: 32/32 MP: 4/4
  1639 | D:2      | Noticed an ogre
  1649 | D:2      | Killed an ogre
  1649 | D:2      | Gained mutation: You have a pair of small horns on your head. [demonic ancestry]
  1649 | D:2      | Reached XP level 5. HP: 27/38 MP: 3/5
  1687 | D:3      | Reached skill level 1 in Short Blades
  1714 | D:2      | Gained mutation: You are resistant to hostile enchantments. [potion of beneficial mutation]
  1763 | D:2      | Killed from afar by an orc priest

Action                   |  1- 3 |  4- 6 || total
-------------------------+-------+-------++-------
Melee: Quarterstaff      |    23 |       ||    23
       Short sword       |   201 |    62 ||   263
       Dagger            |       |    14 ||    14
 Cast: Beastly Appendage |       |     2 ||     2
 Abil: Breathe Fire      |     4 |     1 ||     5
  Use: Scroll            |     4 |     4 ||     8
       Potion            |     2 |     2 ||     4
 Stab: Sleeping          |       |     2 ||     2
  Eat: Beef jerky        |     1 |       ||     1
       Meat ration       |       |     1 ||     1
